| TOP OF THE 1ST |
|
Pensacola Blue Wahoos batting - Pitching for San Jose Giants : RHP John Delaney
|
|
Pitching: RHP John Delaney
|
|
|
Batting: RHB Dusty Pollert
|
0-0: Ball 1-0: Called Strike 1-1: Called Strike 1-2: Ball 2-2: Fly out, F6 (Popup, 6M, EV 60.0 MPH)
|
|
Batting: RHB Ryan Short
|
0-0: Swinging Strike 0-1: Ground out 5-3 (Groundball, 5, EV 86.2 MPH)
|
|
Batting: LHB Leo Gomez
|
0-0: Ball 1-0: Swinging Strike 1-1: Ball 2-1: Ball 3-1: Fly out, F9 (Flyball, 89M, EV 92.5 MPH)
|
| Top of the 1st over - 0 runs, 0 hits, 0 errors, 0 left on base; Pensacola 0 - San Jose 0 |
| BOTTOM OF THE 1ST |
|
San Jose Giants batting - Pitching for Pensacola Blue Wahoos : RHP Chris Galo
|
|
Pitching: RHP Chris Galo
|
|
|
Batting: LHB Tony Galvan
|
0-0: Ball 1-0: Ball 2-0: Foul Ball, location: 2F 2-1: Called Strike 2-2: Strikes out swinging
|
|
Batting: RHB Miguel Gonzalez
|
0-0: Ball 1-0: Swinging Strike 1-1: Ball 2-1: Swinging Strike 2-2: Ball 3-2: Base on Balls
|
|
Batting: RHB Chris King
|
0-0: Ball 1-0: Ball 2-0: Called Strike 2-1: Ball Miguel Gonzalez is caught stealing 2nd base 2-4 3-1: Foul Ball, location: 2F 3-2: SINGLE (Flyball, 56D, EV 91.2 MPH)
|
|
Batting: RHB Yutaka Oki
|
0-0: Ball 1-0: Called Strike 1-1: Foul Ball, location: 2F 1-2: Ball 2-2: Foul Ball, location: 2F 2-2: Foul Ball, location: 2F 2-2: Ball 3-2: Base on Balls Chris King to second
|
|
Batting: LHB Fred Arends
|
0-0: Ball 1-0: Fly out, F7 (Flyball, 78M, EV 95.0 MPH)
|
| Bottom of the 1st over - 0 runs, 1 hit, 0 errors, 2 left on base; Pensacola 0 - San Jose 0 |
| TOP OF THE 2ND |
|
Pensacola Blue Wahoos batting - Pitching for San Jose Giants : RHP John Delaney
|
|
Batting: RHB David Clough
|
0-0: Foul Ball, location: 2F 0-1: Ball 1-1: Ground out 4-3 (Groundball, 4S, EV 83.1 MPH)
|
|
Batting: RHB Jon Marquez
|
0-0: Ball 1-0: Called Strike 1-1: Fly out, F9 (Flyball, 9, EV 81.2 MPH)
|
|
Batting: SHB Alex Morales
|
0-0: Ball 1-0: Called Strike 1-1: Ball 2-1: Swinging Strike 2-2: Fly out, F7 (Line Drive, 7S, EV 94.4 MPH)
|
| Top of the 2nd over - 0 runs, 0 hits, 0 errors, 0 left on base; Pensacola 0 - San Jose 0 |
| BOTTOM OF THE 2ND |
|
San Jose Giants batting - Pitching for Pensacola Blue Wahoos : RHP Chris Galo
|
|
Batting: LHB Josh Straub
|
0-0: Foul Ball, location: 2F 0-1: Foul Ball, location: 2F 0-2: Foul Ball, location: 2F 0-2: Ball 1-2: Strikes out swinging
|
|
Batting: SHB David Barona
|
0-0: Ground out 6-3 (Groundball, 6, EV 110.6 MPH)
|
|
Batting: RHB Micah McErlean
|
0-0: Ball 1-0: Called Strike 1-1: Ball 2-1: Reached on error, E5 (Groundball, 56, EV 78.8 MPH)
|
|
Batting: RHB Mike Jones
|
0-0: Called Strike 0-1: Called Strike 0-2: Ball 1-2: Ball 2-2: Fly out, F9 (Line Drive, 89M, EV 91.2 MPH)
|
| Bottom of the 2nd over - 0 runs, 0 hits, 1 error, 1 left on base; Pensacola 0 - San Jose 0 |
| TOP OF THE 3RD |
|
Pensacola Blue Wahoos batting - Pitching for San Jose Giants : RHP John Delaney
|
|
Batting: LHB Nick Nino
|
0-0: Ball 1-0: SINGLE (Line Drive, 9S, EV 108.1 MPH)
|
|
Batting: RHB Ben Hinman
|
0-0: Ball Nick Nino steals 2nd base 1-0: Ball Nick Nino steals 3rd base (no throw) 2-0: Swinging Strike 2-1: Ball 3-1: Base on Balls
|
|
Batting: LHB Akira Yamano
|
0-0: Fly out, F7 (Flyball, 7, EV 92.5 MPH)
|
|
Batting: RHB Dusty Pollert
|
0-0: Ball 1-0: DOUBLE (Line Drive, 9LM, EV 108.1 MPH) Nick Nino scores Ben Hinman to third
|
|
Batting: RHB Ryan Short
|
0-0: Ball 1-0: Fly out, F7 (Flyball, 7LM, EV 99.4 MPH)
|
|
Batting: LHB Leo Gomez
|
0-0: Ball 1-0: Ball 2-0: Ground out 3-1 (Groundball, 34, EV 108.8 MPH)
|
| Top of the 3rd over - 1 run, 2 hits, 0 errors, 2 left on base; Pensacola 1 - San Jose 0 |
| BOTTOM OF THE 3RD |
|
San Jose Giants batting - Pitching for Pensacola Blue Wahoos : RHP Chris Galo
|
|
Batting: LHB Tony Galvan
|
0-0: Ball 1-0: Foul Ball, location: 2F 1-1: Ball 2-1: Ball 3-1: Base on Balls
|
|
Batting: RHB Miguel Gonzalez
|
0-0: Ball 1-0: Ball 2-0: Foul Ball, location: 2F 2-1: Ball Tony Galvan steals 2nd, throwing error, E2 Tony Galvan to third 3-1: Base on Balls
|
|
Batting: RHB Chris King
|
0-0: Ball 1-0: Ball 2-0: Fly out, F8 (Flyball, 8LS, EV 94.4 MPH)
|
|
Batting: RHB Yutaka Oki
|
0-0: Fly out, F7 (Flyball, 7LD, EV 101.9 MPH) Runner from 3rd tags up, SCORES, no throw by LF
|
|
Batting: LHB Fred Arends
|
0-0: Ball 1-0: Swinging Strike 1-1: Swinging Strike 1-2: Strikes out swinging
|
| Bottom of the 3rd over - 1 run, 0 hits, 1 error, 1 left on base; Pensacola 1 - San Jose 1 |
| TOP OF THE 4TH |
|
Pensacola Blue Wahoos batting - Pitching for San Jose Giants : RHP John Delaney
|
|
Batting: RHB David Clough
|
0-0: Ball 1-0: Ball 2-0: Called Strike 2-1: SINGLE (Flyball, 4D, EV 83.8 MPH)
|
|
Batting: RHB Jon Marquez
|
0-0: Swinging Strike 0-1: Swinging Strike 0-2: Foul Ball, location: 2F 0-2: Strikes out looking
|
|
Batting: SHB Alex Morales
|
0-0: Ball 1-0: Called Strike 1-1: Foul Ball, location: 2F 1-2: Ball 2-2: Fly out, F4 (Popup, 34S, EV 86.9 MPH)
|
|
Batting: LHB Nick Nino
|
0-0: Ball 1-0: Called Strike 1-1: Swinging Strike 1-2: Strikes out swinging
|
| Top of the 4th over - 0 runs, 1 hit, 0 errors, 1 left on base; Pensacola 1 - San Jose 1 |
| BOTTOM OF THE 4TH |
|
San Jose Giants batting - Pitching for Pensacola Blue Wahoos : RHP Chris Galo
|
|
Batting: LHB Josh Straub
|
0-0: Ball 1-0: Called Strike 1-1: Ball 2-1: Ball 3-1: Foul Ball, location: 2F 3-2: Base on Balls
|
|
Batting: SHB David Barona
|
0-0: Called Strike Josh Straub steals 2nd base 0-1: Ball 1-1: Ball 2-1: Ball 3-1: Called Strike 3-2: Ground out 5-3 (Groundball, 5, EV 87.5 MPH)
|
|
Batting: RHB Micah McErlean
|
0-0: Ball Josh Straub steals 3rd base 1-0: Ball 2-0: Ball 3-0: Base on Balls
|
|
Batting: RHB Mike Jones
|
0-0: Swinging Strike 0-1: Swinging Strike 0-2: Ball 1-2: Ball 2-2: Ball 3-2: Grounds into double play, 5-4-3 (Groundball, 56, EV 85.6 MPH)
|
| Bottom of the 4th over - 0 runs, 0 hits, 0 errors, 1 left on base; Pensacola 1 - San Jose 1 |
| TOP OF THE 5TH |
|
Pensacola Blue Wahoos batting - Pitching for San Jose Giants : RHP John Delaney
|
|
Batting: RHB Ben Hinman
|
0-0: Ball 1-0: Foul Ball, location: 2F 1-1: Ball 2-1: Ball 3-1: Base on Balls
|
|
Batting: LHB Akira Yamano
|
0-0: Fly out, F7 (Flyball, 78D, EV 105.0 MPH)
|
|
Batting: RHB Dusty Pollert
|
0-0: Ball 1-0: SINGLE (Flyball, 34D, EV 93.8 MPH) Ben Hinman to second
|
|
Batting: RHB Ryan Short
|
0-0: Called Strike 0-1: Ball 1-1: Ground out 5-3 (Groundball, 56S, EV 68.8 MPH) Ben Hinman to third Dusty Pollert to second
|
|
Batting: LHB Leo Gomez
|
0-0: Ball 1-0: Foul Ball, location: 2F 1-1: Called Strike 1-2: Ball 2-2: Ground out 1-3 (Groundball, 34S, EV 70.0 MPH)
|
| Top of the 5th over - 0 runs, 1 hit, 0 errors, 2 left on base; Pensacola 1 - San Jose 1 |
| BOTTOM OF THE 5TH |
|
San Jose Giants batting - Pitching for Pensacola Blue Wahoos : RHP Chris Galo
|
|
Batting: LHB Tony Galvan
|
0-0: Ball 1-0: Foul Ball, location: 2F 1-1: Ball 2-1: Ball 3-1: Ground out 6-3 (Groundball, 4MS, EV 84.4 MPH)
|
|
Batting: RHB Miguel Gonzalez
|
0-0: Foul Ball, location: 2F 0-1: SINGLE (Groundball, 6MD, EV 98.8 MPH)
|
|
Batting: RHB Chris King
|
0-0: Ball 1-0: Called Strike 1-1: Foul Ball, location: 2F 1-2: Ball 2-2: Ball 3-2: DOUBLE (Flyball, 89D, EV 101.9 MPH) Miguel Gonzalez to third Runner from 3rd tries for Home, SAFE, throw by RF to trailing runner, OUT at third! 9-3-5
|
|
Batting: RHB Yutaka Oki
|
0-0: Foul Ball, location: 2F 0-1: Ball 1-1: DOUBLE (Flyball, 8LXD, EV 95.0 MPH)
|
|
Batting: LHB Fred Arends
|
0-0: Called Strike 0-1: Ball 1-1: Called Strike 1-2: Ball 2-2: Ball 3-2: Strikes out swinging
|
| Bottom of the 5th over - 1 run, 3 hits, 0 errors, 1 left on base; Pensacola 1 - San Jose 2 |
| TOP OF THE 6TH |
|
Pensacola Blue Wahoos batting - Pitching for San Jose Giants : RHP John Delaney
|
|
Batting: RHB David Clough
|
0-0: Ball 1-0: Ground out 4-3 (Groundball, 4, EV 103.8 MPH)
|
|
Batting: RHB Jon Marquez
|
0-0: Ground out U3 (Groundball, 34S, EV 77.5 MPH)
|
|
Batting: SHB Alex Morales
|
0-0: Called Strike 0-1: Foul Ball, location: 2F 0-2: Ball 1-2: Ball 2-2: SINGLE (Line Drive, 3L, EV 95.6 MPH)
|
|
Batting: LHB Nick Nino
|
0-0: Called Strike 0-1: Ball 1-1: Swinging Strike 1-2: Ball 2-2: Ball 3-2: Strikes out swinging
|
| Top of the 6th over - 0 runs, 1 hit, 0 errors, 1 left on base; Pensacola 1 - San Jose 2 |
| BOTTOM OF THE 6TH |
|
San Jose Giants batting - Pitching for Pensacola Blue Wahoos : RHP Chris Galo
|
|
Pitching: RHP Dave Hammertime
|
|
|
Batting: LHB Josh Straub
|
0-0: Ball 1-0: Ball 2-0: Called Strike 2-1: Ground out 6-3 (Groundball, 6, EV 88.1 MPH)
|
|
Batting: SHB David Barona
|
0-0: Called Strike 0-1: Called Strike 0-2: SINGLE (Line Drive, 6MD, EV 95.0 MPH)
|
|
Batting: RHB Micah McErlean
|
0-0: Ball David Barona steals 2nd base (no throw) 1-0: Ball 2-0: Foul Ball, location: 2F 2-1: Called Strike 2-2: Ball 3-2: Foul Ball, location: 2F 3-2: Ground out 6-3 (Groundball, 6, EV 84.4 MPH)
|
|
Batting: RHB Mike Jones
|
0-0: Ground out 5-3 (Groundball, 56, EV 78.1 MPH)
|
| Bottom of the 6th over - 0 runs, 1 hit, 0 errors, 1 left on base; Pensacola 1 - San Jose 2 |
| TOP OF THE 7TH |
|
Pensacola Blue Wahoos batting - Pitching for San Jose Giants : RHP John Delaney
|
|
Batting: RHB Ben Hinman
|
0-0: Ball 1-0: Called Strike 1-1: Called Strike 1-2: Strikes out looking
|
|
Batting: LHB Akira Yamano
|
0-0: Ball 1-0: Ball 2-0: Ball 3-0: Called Strike 3-1: Called Strike 3-2: Strikes out swinging
|
|
Batting: RHB Dusty Pollert
|
0-0: Called Strike 0-1: Swinging Strike 0-2: Fly out, F8 (Flyball, 8LD, EV 90.0 MPH)
|
| Top of the 7th over - 0 runs, 0 hits, 0 errors, 0 left on base; Pensacola 1 - San Jose 2 |
| BOTTOM OF THE 7TH |
|
San Jose Giants batting - Pitching for Pensacola Blue Wahoos : RHP Dave Hammertime
|
|
Batting: LHB Tony Galvan
|
0-0: Fly out, F9 (Flyball, 9S, EV 73.1 MPH)
|
|
Batting: RHB Miguel Gonzalez
|
0-0: Fly out, F4 (Popup, 13, EV 87.5 MPH)
|
|
Batting: RHB Chris King
|
0-0: Ball 1-0: Ball 2-0: Ball 3-0: Base on Balls
|
|
Batting: RHB Yutaka Oki
|
0-0: Ball 1-0: Called Strike 1-1: SINGLE (Groundball, 15S, EV 73.1 MPH) (infield hit) Chris King to second
|
|
Batting: LHB Fred Arends
|
0-0: Ball 1-0: Ball 2-0: Ball 3-0: Base on Balls Chris King to third Yutaka Oki to second
|
|
Batting: LHB Josh Straub
|
0-0: Ground out 4-3 (Groundball, 4, EV 91.9 MPH)
|
| Bottom of the 7th over - 0 runs, 1 hit, 0 errors, 3 left on base; Pensacola 1 - San Jose 2 |
| TOP OF THE 8TH |
|
Pensacola Blue Wahoos batting - Pitching for San Jose Giants : RHP John Delaney
|
|
Pitching: RHP Lorenzo Merjil
|
|
|
Batting: RHB Ryan Short
|
0-0: Ground out 6-3 (Groundball, 6S, EV 93.1 MPH)
|
|
Batting: LHB Leo Gomez
|
0-0: Called Strike 0-1: Ball 1-1: Ball 2-1: Called Strike 2-2: Strikes out swinging
|
|
Batting: RHB David Clough
|
0-0: Ball 1-0: Ball 2-0: Called Strike 2-1: Foul Ball, location: 2F 2-2: Ball 3-2: Ground out 1-3 (Groundball, 34S, EV 68.8 MPH)
|
| Top of the 8th over - 0 runs, 0 hits, 0 errors, 0 left on base; Pensacola 1 - San Jose 2 |
| BOTTOM OF THE 8TH |
|
San Jose Giants batting - Pitching for Pensacola Blue Wahoos : RHP Dave Hammertime
|
|
Pitching: RHP Frank Munoz
|
|
|
Batting: SHB David Barona
|
0-0: Ball 1-0: Hit by Pitch
|
|
Batting: RHB Micah McErlean
|
0-0: Ball 1-0: Called Strike 1-1: Called Strike David Barona steals 2nd base (no throw) 1-2: Fly out, F7 (Flyball, 78M, EV 75.6 MPH)
|
|
Batting: RHB Mike Jones
|
0-0: Ground out 6-3 (Groundball, 6, EV 104.4 MPH)
|
|
Batting: LHB Tony Galvan
|
0-0: Ball 1-0: Ball 2-0: Ball 3-0: Base on Balls
|
|
Batting: RHB Miguel Gonzalez
|
0-0: Ball 1-0: Called Strike 1-1: Swinging Strike 1-2: Foul Ball, location: 2F 1-2: Foul Ball, location: 2F 1-2: Strikes out swinging
|
| Bottom of the 8th over - 0 runs, 0 hits, 0 errors, 2 left on base; Pensacola 1 - San Jose 2 |
| TOP OF THE 9TH |
|
Pensacola Blue Wahoos batting - Pitching for San Jose Giants : RHP Lorenzo Merjil
|
|
Pitching: RHP Lorenzo de Jesus
|
|
|
Batting: RHB Jon Marquez
|
0-0: Called Strike 0-1: Called Strike 0-2: SOLO HOME RUN (Flyball, 9D, EV 95.6 MPH), Distance : 382 ft
|
|
Batting: SHB Alex Morales
|
0-0: Called Strike 0-1: Called Strike 0-2: Ball 1-2: Foul Ball, location: 2F 1-2: Ball 2-2: Ball 3-2: Strikes out swinging
|
|
Batting: LHB Nick Nino
|
0-0: Called Strike 0-1: Swinging Strike 0-2: Foul Ball, location: 2F 0-2: Strikes out looking
|
|
Pinch Hitting: SHB Bryan Johnston
|
0-0: Ball 1-0: Ball 2-0: Fly out, F7 (Flyball, 78S, EV 94.4 MPH)
|
| Top of the 9th over - 1 run, 1 hit, 0 errors, 0 left on base; Pensacola 2 - San Jose 2 |
| BOTTOM OF THE 9TH |
|
San Jose Giants batting - Pitching for Pensacola Blue Wahoos : RHP Frank Munoz
|
|
Pitching: RHP Aaron McArdle
|
|
|
Now at 1B: Bryan Johnston
|
|
|
Batting: RHB Chris King
|
0-0: Ball 1-0: Ball 2-0: Fly out, F8 (Flyball, 8RS, EV 88.8 MPH)
|
|
Pinch Hitting: LHB Jared Paige
|
0-0: Ball 1-0: Called Strike 1-1: Called Strike 1-2: Strikes out swinging
|
|
Batting: LHB Fred Arends
|
0-0: Ball 1-0: SINGLE (Line Drive, 56D, EV 111.9 MPH)
|
|
Batting: LHB Josh Straub
|
0-0: Swinging Strike 0-1: Called Strike 0-2: Ball 1-2: Ball 2-2: Ball 3-2: Base on Balls Fred Arends to second
|
|
Batting: SHB David Barona
|
0-0: Ball 1-0: Ground out 4-3 (Groundball, 4, EV 101.9 MPH)
|
| Bottom of the 9th over - 0 runs, 1 hit, 0 errors, 2 left on base; Pensacola 2 - San Jose 2 |
| TOP OF THE 10TH |
|
Pensacola Blue Wahoos batting - Pitching for San Jose Giants : RHP Lorenzo de Jesus
|
|
Now in CF: Pong-keun Koh
|
|
|
Batting: LHB Akira Yamano
|
0-0: Called Strike 0-1: Ball 1-1: Called Strike 1-2: Ball 2-2: Ball 3-2: Strikes out swinging
|
|
Batting: RHB Dusty Pollert
|
0-0: Foul Ball, location: 2F 0-1: Swinging Strike 0-2: Ball 1-2: Foul Ball, location: 2F 1-2: Ball 2-2: Ball 3-2: Strikes out swinging
|
|
Batting: RHB Ryan Short
|
0-0: Swinging Strike 0-1: Ball 1-1: Ball 2-1: Fly out, F3 (Popup, 3F, EV 78.1 MPH)
|
| Top of the 10th over - 0 runs, 0 hits, 0 errors, 0 left on base; Pensacola 2 - San Jose 2 |
| BOTTOM OF THE 10TH |
|
San Jose Giants batting - Pitching for Pensacola Blue Wahoos : RHP Aaron McArdle
|
|
Pitching: RHP Tim Bant
|
|
|
Batting: RHB Micah McErlean
|
0-0: Ball 1-0: Called Strike 1-1: Ball 2-1: Swinging Strike 2-2: Foul Ball, location: 2F 2-2: Ball 3-2: Strikes out swinging
|
|
Batting: RHB Mike Jones
|
0-0: Ball 1-0: Foul Ball, location: 2F 1-1: Foul Ball, location: 2F 1-2: Strikes out swinging
|
|
Batting: LHB Tony Galvan
|
0-0: Swinging Strike 0-1: Ball 1-1: Called Strike 1-2: Foul Ball, location: 2F 1-2: Ball 2-2: Strikes out swinging
|
| Bottom of the 10th over - 0 runs, 0 hits, 0 errors, 0 left on base; Pensacola 2 - San Jose 2 |
| TOP OF THE 11TH |
|
Pensacola Blue Wahoos batting - Pitching for San Jose Giants : RHP Lorenzo de Jesus
|
|
Pitching: LHP Matt Wass
|
|
|
Batting: LHB Leo Gomez
|
0-0: Ball 1-0: Swinging Strike 1-1: Foul Ball, location: 2F 1-2: Ball 2-2: Ball 3-2: Foul Ball, location: 2F 3-2: SOLO HOME RUN (Flyball, 89XD, EV 106.9 MPH), Distance : 417 ft
|
|
Batting: RHB David Clough
|
0-0: Ball 1-0: Ball 2-0: Foul Ball, location: 2F 2-1: Foul Ball, location: 2F 2-2: Fly out, F7 (Flyball, 7S, EV 84.4 MPH)
|
|
Batting: RHB Jon Marquez
|
0-0: Ball 1-0: Called Strike 1-1: SINGLE (Flyball, 4D, EV 86.2 MPH)
|
|
Batting: SHB Alex Morales
|
0-0: Called Strike Jon Marquez steals 2nd base (no throw) 0-1: Ball 1-1: Intentional Walk
|
|
Batting: LHB Nick Nino
|
0-0: Swinging Strike 0-1: Foul Ball, location: 2F 0-2: Ball 1-2: Strikes out swinging
|
|
Batting: SHB Bryan Johnston
|
0-0: Ball 1-0: Foul Ball, location: 2F 1-1: Foul Ball, location: 2F 1-2: Ball 2-2: Fielders Choice at 2nd, 6-4 (Groundball, 6, EV 85.0 MPH)
|
| Top of the 11th over - 1 run, 2 hits, 0 errors, 2 left on base; Pensacola 3 - San Jose 2 |
| BOTTOM OF THE 11TH |
|
San Jose Giants batting - Pitching for Pensacola Blue Wahoos : RHP Tim Bant
|
|
Now in RF: Matt Silva
|
|
|
Batting: RHB Miguel Gonzalez
|
0-0: Foul Ball, location: 2F 0-1: DOUBLE (Flyball, 89XD, EV 93.8 MPH)
|
|
Batting: RHB Chris King
|
0-0: Ball 1-0: Ball 2-0: Ball 3-0: Called Strike 3-1: Foul Ball, location: 2F 3-2: Base on Balls
|
|
Batting: LHB Pong-keun Koh
|
0-0: Called Strike 0-1: Foul Ball, location: 2F 0-2: Ball 1-2: SINGLE (Groundball, 34D, EV 101.9 MPH) Miguel Gonzalez to third Chris King to second Runner from 3rd tries for Home, SAFE, throw by RF to home Chris King to third Pong-keun Koh to second
|
|
Batting: LHB Fred Arends
|
0-0: Ball 1-0: Fly out, F6 (Popup, 6MS, EV 75.0 MPH)
|
|
Batting: LHB Josh Straub
|
0-0: Ball 1-0: Foul Ball, location: 2F 1-1: Fielders Choice at home, 4-2 (Groundball, 4S, EV 85.6 MPH) Pong-keun Koh to third
|
|
Batting: SHB David Barona
|
0-0: Called Strike 0-1: SINGLE (Groundball, 56S, EV 71.9 MPH) (infield hit) Pong-keun Koh scores
|
| Bottom of the 11th over - 2 runs, 3 hits, 0 errors, 1 left on base; Pensacola 3 - San Jose 4 |
|